 Dungeon Crawl Stone Soup version 0.27-a0-1202-ge72e49191c (webtiles) character file.

Game seed: 5169453486572230079

384 bilbop the Cudgeller (level 6, -10/56 HPs)
             Began as a Minotaur Fighter on June 4, 2021.
             Killed from afar by Ijyb (19 damage)
             ... with a bolt of acid
             ... on level 5 of the Dungeon.
             The game lasted 00:12:48 (4784 turns).

bilbop the Cudgeller (Minotaur Fighter)             Turns: 4784, Time: 00:12:48

Health: -10/56     AC:  4    Str: 22    XL:     6   Next: 47%
Magic:  5/5        EV:  7    Int:  5    God:
Gold:   217        SH: 10    Dex: 10    Spells: 5/5 levels left

rFire    . . .     SeeInvis +   a - +0 whip
rCold    . . .     Faith    .   c - +0 kite shield
rNeg     . . .     Spirit   .   w - +0 scale mail
rPois    .         Reflect  .   (helmet restricted)
rElec    .         Harm     .   (no cloak)
rCorr    .         Rampage  .   s - +0 pair of gloves
Will     .....                  (no boots)
Stlth    ..........             (no amulet)
HPRegen  0.18/turn              t - ring of see invisible
MPRegen  0.09/turn              (no ring)

@: corroded
A: horns 2, retaliatory headbutt
a: no special abilities


You were on level 5 of the Dungeon.
You visited 1 branch of the dungeon, and saw 6 of its levels.

You collected 217 gold pieces.

Inventory:

Hand Weapons
 a - a +0 whip (weapon)
 b - a +0 hunting sling
 r - a +0 flail
Missiles
 k - 25 sling bullets
Armour
 c - a +0 kite shield (worn)
 s - a +0 pair of gloves (worn)
 w - a +0 scale mail (worn)
Jewellery
 t - a ring of see invisible (left hand)
Scrolls
 f - 2 scrolls of amnesia {unknown}
 g - 3 scrolls of identify {unknown}
 n - a scroll of fog {unknown}
 o - 2 scrolls of teleportation {unknown}
 p - a scroll of noise {unknown}
 u - a scroll of holy word {unknown}
Potions
 d - a potion of might
 e - a potion of cancellation {unknown}
 h - 2 potions of mutation {unknown}
 i - a potion of lignification {unknown}
 j - 3 potions of curing {unknown}
 l - a potion of haste {unknown}
 m - a potion of ambrosia {unknown}
 q - 2 potions of brilliance {unknown}
 v - a potion of attraction {unknown}


   Skills:
 + Level 5.1 Fighting
 * Level 5.5 Maces & Flails
 + Level 0.1 Slings
 + Level 5.1 Armour
 + Level 5.0 Shields


You had 5 spell levels left.
You didn't know any spells.
Your spell library contained the following spells:

 Spells                   Type           Power      Damage    Failure   Level
 Animate Skeleton         Necr           0%         N/A       99%         1
 Pain                     Necr           0%         1d4       99%         1
 Vampiric Draining        Necr           0%         2d6       100%        3
 Animate Dead             Necr           0%         N/A       100%        4
 Agony                    Necr           0%         N/A       100%        5


Dungeon Overview and Level Annotations

Branches:
Dungeon (6/15)
 Temple: D:4-7

Altars:
Ashenzari
Cheibriados
Nemelex Xobeh
Ru
Vehumet
Xom

Annotations:
D:5 Ijyb


Innate Abilities, Weirdness & Mutations

You have a pair of horns on your head.
You reflexively headbutt those who attack you in melee.


Message History

The ufetubus barely misses you.
You barely miss the ufetubus.
The ufetubus is heavily wounded.
The ufetubus hits you but does no damage.
The ufetubus closely misses you. The ufetubus barely misses you.
You furiously retaliate!
You headbutt the ufetubus!
You kill the ufetubus!
The orc hits you with a +0 short sword.
You hit the orc.
The orc is heavily wounded.
The orc hits you with a +0 short sword.
Your shield prevents you from hitting the orc.
The orc is heavily wounded.
You block the orc's attack.
You hit the orc.
You kill the orc!
You block the orc's attack.
You whack the orc!
You kill the orc!
No target in view!
No target in view!
No target in view!
No target in view!
Found a radiant altar of Vehumet.
Things that are here:
a +0 short sword; an orc corpse You now have 217 gold pieces (gained 11).
Ijyb shouts!
Found 12 gold pieces and a scroll labelled JEINAKUOMI.
You see here 15 gold pieces.
Ijyb screams, "Me kill you!"
Ijyb zaps a wand.
The bolt of acid hits you!! The acid corrodes you!
You are splashed with acid!
* * * LOW HITPOINT WARNING * * *
You are too injured to fight recklessly!
Ijyb hits you with a +0 dagger.
* * * LOW HITPOINT WARNING * * *
You miss Ijyb. Your headbutt misses Ijyb.
Ijyb zaps a wand.
The bolt of acid hits you!!
You die...

.. ..#...#...# #.####...
... ..._..... #.# #...
.... #...#..# ##.## ##.#
....###.###.###...####.#
.....#..)#......#......#
#.....)...###...######
######.$.#### ##.##
$.......## #.# ######.@#
#.# #.g# #.# #..# #.# .#
#..# #.. . .... ..# ##.
##.#? ### #.. #. . #.#
.. .# #.# ##.....##.


You could see Ijyb.

Vanquished Creatures
  A scorpion (D:5)
  A hound (D:4)
  A bullfrog skeleton (D:5)
  A centaur skeleton (D:4)
  An iguana (D:4)
  An orc wizard (D:4)
  Robin (D:2)
  4 adders
  A shadow imp (D:3)
  2 ufetubi
  3 worms
  3 dart slugs
  8 orcs
  7 bats
  4 endoplasms
  4 giant cockroaches
  6 hobgoblins
  12 jackals
  3 quokkas (D:1)
  8 ball pythons
  4 frilled lizards
  17 goblins
  4 kobolds
  A rat (D:1)
98 creatures vanquished.

Notes
Turn   | Place    | Note
-------+----------+-------------------------------------------
     0 | D:1      | bilbop the Minotaur Fighter began the quest for the Orb.
     0 | D:1      | Reached XP level 1. HP: 19/19 MP: 0/0
   348 | D:1      | Reached XP level 2. HP: 26/27 MP: 1/1
  1130 | D:2      | Reached XP level 3. HP: 33/33 MP: 2/2
  1176 | D:2      | Noticed Robin
  1407 | D:2      | Killed Robin
  1599 | D:2      | Reached XP level 4. HP: 39/40 MP: 3/3
  2127 | D:2      | Found a faded altar of an unknown god.
  3072 | D:3      | You fall into a shaft and drop 3 floors!
  3095 | D:6      | Found a shimmering altar of Xom.
  3116 | D:6      | Noticed a phantom
  3138 | D:5      | Entered Level 5 of the Dungeon
  3138 | D:5      | Noticed a scorpion
  3146 | D:5      | Reached XP level 5. HP: 37/47 MP: 4/4
  3399 | D:5      | Noticed Ijyb
  3426 | D:4      | Reached skill level 5 in Maces & Flails
  3553 | D:4      | Reached XP level 6. HP: 55/55 MP: 5/5
  3561 | D:4      | Reached skill level 5 in Fighting
  3648 | D:3      | Found a snail-covered altar of Cheibriados.
  4024 | D:4      | Reached skill level 5 in Armour
  4237 | D:4      | Reached skill level 5 in Shields
  4271 | D:4      | Found a sparkling altar of Nemelex Xobeh.
  4319 | D:4      | Found a broken altar of Ashenzari.
  4644 | D:4      | Found a sacrificial altar of Ru.
  4776 | D:5      | Found a radiant altar of Vehumet.
  4784 | D:5      | Killed from afar by Ijyb

Illustrated notes

Levels and vault maps discovered:
D:1:      mrwooster_arrival_statue, layout_basic, chequers_serial_rivers_small_b
D:2:      layout_loops_ring, shapermc_ecumenical_altar_flowoftime, uniq_robin
D:3:      layout_rooms, cheibrodos_worm_habitat, serial_park_tiny_1
D:4:      layout_basic, overflow_temple_1_default,
          lemuel_coloured_pillars_altar, nemelex_spade_bored_becter,
          amcnicky_mini_corridor_feature
D:5:      layout_loops_ring, vehumet_crystals, minmay_temple_entry_fiery,
          amcnicky_mini_rare_corridor_liquid, uniq_ijyb
D:6:      layout_loops_cross, nicolae_hepliaklqana_hazy_memory,
          amcnicky_altar_gilded, nicolae_elyvilon_peaceful_grove,
          eino_tiny_chamber, grunt_decor_cap, uniq_prince_ribbit1, uniq_grinder

Skill      XL: |  1  2  3  4  5  6 |
---------------+-------------------+-----
Maces & Flails | 3 4 5 |  5.5
Shields        | 4 5 |  5.0
Fighting       | 4 5 |  5.1
Armour         | 4 5 |  5.1
Slings         | |  0.1

Action                   |  1- 3 |  4- 6 || total
-------------------------+-------+-------++-------
Melee: Flail             |   113 |    78 ||   191
       Headbutt          |    10 |    37 ||    47
       Whip              |       |   114 ||   114
Armor: Scale mail        |    63 |    99 ||   162
Dodge: Dodged            |    37 |    53 ||    90
Block: Kite shield       |    81 |    93 ||   174

Table legend: (Time is in decaauts)
 A = Elapsed time spent in this place.
 B = Non-inter-level travel time spent in this place.
 C = Inter-level travel time spent in this place.
 D = Time resting spent in this place.
 E = Time spent auto-exploring this place.
 F = Levels seen in this place.
 G = Mean time per level.
                   A        B        C        D        E       F      G
               +--------+--------+--------+--------+--------+-----+--------+
         Total |   4892 |   4700 |    192 |    890 |   3000 |   6 |  815.3 |
       Dungeon |   4892 |   4700 |    192 |    890 |   3000 |   6 |  815.3 |
               +--------+--------+--------+--------+--------+-----+--------+

Top non-repeatable levels by time:
     D:1: 1552 daAuts
     D:2: 1050 daAuts
     D:3: 1011 daAuts
     D:4: 869 daAuts
     D:5: 343 daAuts
     D:6: 65 daAuts
